[ AOE2 MATCH · #484229331 ]
UnrankedBulgarians vs Koreans
[ REPLAY ANALYSIS · EXTRACTED FROM THE RECORDED GAME ]
Feudal
18:10
Castle
32:52
Imperial
—
| APM avg | 7.7 |
| APM peak | 19 |
| eAPM avg | 5.3 |
| Villagers / military | 38 / 15 |
Focus
⚔️ 18.0% · 🌾 82.0%
Scout Cavalry ×9 · Militia ×6
Feudal
15:01
Castle
20:13
Imperial
39:06
| APM avg | 22.9 |
| APM peak | 39 |
| eAPM avg | 18.3 |
| Villagers / military | 122 / 79 |
Focus
⚔️ 18.7% · 🌾 81.3%
Spearman ×33 · Archer ×32 · Trade Cart ×15 · Battering Ram ×12 · Fishing Ship ×7 · Iron Pagoda ×2
Feudal
15:41
Castle
22:07
Imperial
—
| APM avg | 15.8 |
| APM peak | 72 |
| eAPM avg | 9.3 |
| Villagers / military | 55 / 8 |
Focus
⚔️ 22.8% · 🌾 77.2%
Teutonic Knight ×5 · Mangonel ×3
Feudal
14:29
Castle
29:50
Imperial
40:22
| APM avg | 13.8 |
| APM peak | 25 |
| eAPM avg | 10.2 |
| Villagers / military | 84 / 23 |
Focus
⚔️ 27.6% · 🌾 72.4%
Woad Raider ×18 · Trade Cart ×7 · Mangonel ×3 · Battering Ram ×2
Feudal
18:04
Castle
33:54
Imperial
—
| APM avg | 11.2 |
| APM peak | 32 |
| eAPM avg | 8.2 |
| Villagers / military | 76 / 75 |
Focus
⚔️ 31.5% · 🌾 68.5%
Skirmisher ×52 · Militia ×13 · Knight ×5 · Mangonel ×4 · Genoese Crossbowman ×1
Feudal
11:37
Castle
21:00
Imperial
36:00
| APM avg | 12.0 |
| APM peak | 33 |
| eAPM avg | 9.7 |
| Villagers / military | 58 / 17 |
Focus
⚔️ 21.4% · 🌾 78.6%
Knight ×9 · Petard ×4 · Monk ×2 · Leitis ×2 · Trade Cart ×1
Feudal
12:28
Castle
17:32
Imperial
32:52
| APM avg | 43.0 |
| APM peak | 109 |
| eAPM avg | 21.2 |
| Villagers / military | 142 / 74 |
Focus
⚔️ 18.3% · 🌾 81.7%
Genoese Crossbowman ×64 · Scout Cavalry ×4 · Trebuchet (Packed) ×4 · Battering Ram ×2
Feudal
16:10
Castle
25:49
Imperial
—
| APM avg | 9.9 |
| APM peak | 40 |
| eAPM avg | 6.8 |
| Villagers / military | 32 / 11 |
Focus
⚔️ 33.1% · 🌾 66.9%
Monaspa ×9 · Fishing Ship ×6 · Demolition Raft ×2
Match map
Initial resources + every placement click. Lines = walls · curves = elevation contours. ◆ gold · ⬟ stone · ● berries · ✦ relic · ◌ wall gap
Your base· ✓ Closed at 32:52 · 24t walls · 1 gate(s)
Predjama's base· ✓ Closed at 20:13 · 19t walls · fragile
Baxmetal's base· ✓ Closed at 22:07 · 27t walls · fragile
CMONT's base· ✓ Closed at 29:50 · 219t walls · 4 gate(s)
oswuil123's base· ✓ Closed at 33:54 · 50t walls · 1 gate(s)
homeyork's base· ✓ Closed at 21:00 · 18t walls · fragile
Công An Xã's base· ✓ Closed at 17:32 · 0t walls · fragile
FreeBichito's base· ✓ Closed at 25:49 · 61t walls · fragile
Smoothed initial terrain · ◌ = detected wall gap · hover for details
Inputs per minute
— wowmiqui - - Predjama
Build order — wowmiqui
113 actions detected in the replay
| 0:07 | Build | House |
| 0:09 | Build | House |
| 0:23 | Create | Villager (Male) |
| 0:24 | Create | Villager (Male) |
| 0:24 | Create | Villager (Male) |
| 0:24 | Create | Villager (Male) |
| 0:25 | Create | Villager (Male) |
| 0:25 | Create | Villager (Male) |
| 1:30 | Research | Loom |
| 2:55 | Build | Palisade Wall |
| 4:14 | Create | Villager (Male) |
| 4:44 | Build | House |
| 4:46 | Build | House |
| 5:06 | Create | Villager (Male) |
| 7:19 | Build | Lumber Camp |
| 7:32 | Create | Villager (Male) |
| 7:32 | Create | Villager (Male) |
| 8:22 | Create | Villager (Male) |
| 8:41 | Create | Villager (Male) |
| 9:56 | Create | Villager (Male) |
| 10:29 | Build | Mill |
| 10:38 | Create | Villager (Male) |
| 11:03 | Create | Villager (Male) |
| 11:13 | Build | Barracks |
| 11:16 | Build | House |
| 11:32 | Create | Villager (Male) |
| 12:40 | Create | Villager (Male) |
| 13:25 | Create | Villager (Male) |
| 13:50 | Create | Villager (Male) |
| 13:55 | Build | Farm |
| 13:56 | Create | Villager (Male) |
| 14:21 | Build | Mining Camp |
| 14:41 | Create | Villager (Male) |
| 14:44 | Build | Farm |
| 14:45 | Create | Villager (Male) |
| 15:07 | Build | Mill |
| 15:19 | Create | Villager (Male) |
| 16:00 | Research | Feudal Age |
| 18:10 | Age | Feudal Age |
| 18:13 | Create | Villager (Male) |
| 18:21 | Build | House |
| 18:23 | Build | House |
| 18:33 | Build | Blacksmith |
| 19:01 | Build | Lumber Camp |
| 19:43 | Build | Watch Tower |
| 19:47 | Create | Villager (Male) |
| 20:03 | Create | Militia |
| 20:04 | Create | Militia |
| 20:14 | Research | Wheelbarrow |
| 20:17 | Build | Farm |
| 20:19 | Create | Villager (Male) |
| 20:56 | Research | Horse Collar |
| 21:42 | Build | Stable |
| 21:48 | Create | Villager (Male) |
| 22:21 | Build | Farm |
| 22:26 | Research | Double-Bit Axe |
| 22:29 | Create | Militia |
| 22:29 | Create | Militia |
| 22:40 | Create | Scout Cavalry |
| 23:11 | Build | Stone Wall |
| 24:13 | Research | Bloodlines |
| 24:19 | Build | House |
| 24:25 | Build | House |
| 24:27 | Build | House |
| 24:28 | Build | House |
| 24:38 | Build | Mining Camp |
| 24:40 | Create | Villager (Male) |
| 24:40 | Create | Villager (Male) |
| 24:59 | Create | Scout Cavalry |
| 25:06 | Create | Scout Cavalry |
| 25:09 | Create | Militia |
| 25:10 | Create | Militia |
| 25:16 | Build | Farm |
| 25:25 | Build | Farm |
| 25:26 | Build | Farm |
| 25:28 | Build | Farm |
| 25:29 | Build | Farm |
| 25:30 | Build | Farm |
| 25:38 | Create | Villager (Male) |
| 25:54 | Research | Scale Mail Armor |
| 25:59 | Create | Villager (Male) |
| 26:09 | Build | Farm |
| 26:46 | Build | Gate |
| 27:08 | Create | Villager (Male) |
| 27:13 | Build | Farm |
| 27:16 | Build | Farm |
| 27:31 | Build | Market |
| 27:38 | Build | Farm |
| 27:39 | Create | Villager (Male) |
| 28:42 | Research | Forging |
| 30:04 | Build | Archery Range |
| 30:12 | Research | Castle Age |
| 30:44 | Build | Archery Range |
| 32:40 | Create | Scout Cavalry |
| 32:40 | Create | Scout Cavalry |
| 32:41 | Create | Scout Cavalry |
| 32:41 | Create | Scout Cavalry |
| 32:41 | Create | Scout Cavalry |
| 32:41 | Create | Scout Cavalry |
| 32:52 | Age | Castle Age |
| 32:55 | Build | Stone Wall |
| 33:30 | Research | Bow Saw |
| 33:33 | Create | Villager (Male) |
| 33:33 | Create | Villager (Male) |
| 33:45 | Build | Town Center |
| 34:16 | Build | Farm |
| 34:27 | Create | Villager (Male) |
| 34:27 | Create | Villager (Male) |
| 34:28 | Create | Villager (Male) |
| 34:39 | Research | Heavy Plow |
| 34:59 | Build | Monastery |
| 35:03 | Build | University |
| 35:10 | Build | Farm |
Build order — Predjama
First 150 of 277 actions detected
| 0:11 | Build | House |
| 0:13 | Build | House |
| 0:38 | Create | Villager (Male) |
| 0:39 | Create | Villager (Male) |
| 0:39 | Create | Villager (Male) |
| 0:39 | Create | Villager (Male) |
| 0:39 | Create | Villager (Male) |
| 0:42 | Research | Loom |
| 0:46 | Create | Villager (Male) |
| 0:46 | Create | Villager (Male) |
| 0:47 | Create | Villager (Male) |
| 2:49 | Build | House |
| 2:50 | Build | Palisade Wall |
| 2:52 | Build | Palisade Wall |
| 2:56 | Build | Palisade Wall |
| 3:00 | Build | House |
| 3:06 | Build | House |
| 3:15 | Create | Villager (Male) |
| 3:15 | Create | Villager (Male) |
| 3:16 | Create | Villager (Male) |
| 4:24 | Create | Villager (Male) |
| 4:32 | Build | Lumber Camp |
| 4:49 | Create | Villager (Male) |
| 5:18 | Create | Villager (Male) |
| 5:45 | Create | Villager (Male) |
| 6:09 | Create | Villager (Male) |
| 6:16 | Build | Lumber Camp |
| 6:22 | Create | Villager (Male) |
| 6:55 | Create | Villager (Male) |
| 7:21 | Create | Villager (Male) |
| 7:39 | Build | Mill |
| 7:45 | Create | Villager (Male) |
| 7:45 | Create | Villager (Male) |
| 8:04 | Create | Villager (Male) |
| 8:05 | Create | Villager (Male) |
| 8:36 | Create | Villager (Male) |
| 8:47 | Create | Villager (Male) |
| 9:00 | Build | House |
| 9:04 | Build | House |
| 9:08 | Build | House |
| 9:19 | Create | Villager (Male) |
| 9:19 | Create | Villager (Male) |
| 9:19 | Create | Villager (Male) |
| 9:21 | Create | Villager (Male) |
| 10:00 | Create | Villager (Male) |
| 10:00 | Create | Villager (Male) |
| 10:21 | Create | Villager (Male) |
| 10:38 | Build | Farm |
| 10:40 | Build | Farm |
| 10:43 | Build | Farm |
| 10:48 | Build | Farm |
| 11:01 | Build | Dock |
| 11:18 | Create | Villager (Male) |
| 11:18 | Create | Villager (Male) |
| 11:31 | Create | Villager (Male) |
| 11:37 | Build | House |
| 11:40 | Build | House |
| 11:41 | Build | House |
| 11:56 | Build | Mining Camp |
| 12:38 | Build | Mill |
| 12:47 | Research | Feudal Age |
| 13:12 | Build | Mill |
| 13:37 | Create | Villager (Male) |
| 14:23 | Build | Mining Camp |
| 14:37 | Create | Villager (Male) |
| 15:00 | Create | Fishing Ship |
| 15:01 | Age | Feudal Age |
| 15:02 | Create | Fishing Ship |
| 15:13 | Build | Stone Wall |
| 15:18 | Build | Stone Wall |
| 16:08 | Build | Blacksmith |
| 16:16 | Create | Villager (Male) |
| 16:16 | Create | Villager (Male) |
| 16:18 | Create | Villager (Male) |
| 16:56 | Build | Market |
| 17:03 | Research | Double-Bit Axe |
| 17:33 | Research | Castle Age |
| 17:57 | Build | Stone Wall |
| 18:11 | Research | Horse Collar |
| 18:37 | Build | Lumber Camp |
| 19:12 | Create | Fishing Ship |
| 19:12 | Create | Fishing Ship |
| 19:16 | Create | Fishing Ship |
| 19:23 | Build | Fish Trap |
| 19:24 | Build | Fish Trap |
| 19:46 | Build | House |
| 19:50 | Build | House |
| 19:51 | Build | House |
| 19:56 | Create | Villager (Male) |
| 19:57 | Create | Villager (Male) |
| 19:58 | Create | Villager (Male) |
| 20:13 | Age | Castle Age |
| 20:35 | Build | Castle |
| 20:48 | Build | Gate |
| 21:02 | Create | Villager (Male) |
| 21:11 | Build | Town Center |
| 21:22 | Research | Wheelbarrow |
| 21:27 | Research | Town Watch |
| 21:56 | Create | Villager (Male) |
| 21:58 | Create | Villager (Male) |
| 22:03 | Build | Market |
| 22:18 | Research | Bow Saw |
| 22:33 | Build | Farm |
| 22:36 | Build | Farm |
| 23:07 | Build | House |
| 23:09 | Build | House |
| 23:09 | Build | House |
| 23:10 | Build | House |
| 23:12 | Build | House |
| 23:15 | Create | Villager (Male) |
| 23:17 | Create | Villager (Male) |
| 23:17 | Create | Villager (Male) |
| 23:23 | Build | Farm |
| 23:27 | Build | Farm |
| 23:30 | Build | Farm |
| 23:31 | Build | Farm |
| 23:32 | Create | Villager (Male) |
| 23:50 | Build | Barracks |
| 23:56 | Create | Villager (Male) |
| 24:01 | Build | Farm |
| 24:02 | Build | Farm |
| 24:03 | Build | Farm |
| 24:06 | Build | Farm |
| 24:10 | Create | Villager (Male) |
| 24:13 | Create | Fishing Ship |
| 24:13 | Create | Fishing Ship |
| 24:31 | Build | Archery Range |
| 24:34 | Create | Villager (Male) |
| 24:35 | Create | Villager (Male) |
| 24:35 | Create | Villager (Male) |
| 24:36 | Create | Villager (Male) |
| 24:51 | Create | Villager (Male) |
| 24:55 | Build | Fish Trap |
| 24:59 | Build | Fish Trap |
| 25:01 | Create | Villager (Male) |
| 25:21 | Build | Archery Range |
| 25:28 | Research | Crossbowman (upgrade) |
| 25:44 | Build | Farm |
| 25:45 | Create | Villager (Male) |
| 25:46 | Create | Villager (Male) |
| 25:54 | Create | Archer ×5 |
| 25:54 | Create | Archer ×5 |
| 25:54 | Create | Archer ×5 |
| 25:55 | Create | Archer ×5 |
| 26:02 | Build | Farm |
| 26:09 | Create | Villager (Male) |
| 26:09 | Create | Villager (Male) |
| 26:16 | Build | Fish Trap |
| 26:43 | Build | Mining Camp |
| 27:07 | Build | Town Center |
Build order — Baxmetal
127 actions detected in the replay
| 0:06 | Build | House |
| 0:08 | Build | House |
| 0:11 | Create | Villager (Male) |
| 0:11 | Create | Villager (Male) |
| 0:11 | Create | Villager (Male) |
| 0:18 | Research | Loom |
| 0:19 | Create | Villager (Male) |
| 0:20 | Create | Villager (Male) |
| 0:51 | Build | Palisade Wall |
| 0:55 | Build | Palisade Gate |
| 1:01 | Build | Palisade Wall |
| 3:51 | Create | Villager (Male) |
| 3:51 | Create | Villager (Male) |
| 3:52 | Create | Villager (Male) |
| 3:52 | Create | Villager (Male) |
| 5:04 | Create | Villager (Male) |
| 5:04 | Create | Villager (Male) |
| 5:26 | Create | Villager (Male) |
| 5:27 | Create | Villager (Male) |
| 5:56 | Create | Villager (Male) |
| 5:56 | Create | Villager (Male) |
| 5:56 | Create | Villager (Male) |
| 6:02 | Build | Mill |
| 7:27 | Build | House |
| 8:05 | Build | House |
| 8:10 | Create | Villager (Male) |
| 8:10 | Create | Villager (Male) |
| 9:14 | Build | House |
| 9:36 | Build | Palisade Wall |
| 9:39 | Build | Palisade Wall |
| 10:11 | Build | House |
| 10:52 | Create | Villager (Male) |
| 10:52 | Create | Villager (Male) |
| 11:01 | Create | Villager (Male) |
| 11:29 | Build | Barracks |
| 11:55 | Build | Farm |
| 12:06 | Build | Palisade Wall |
| 12:39 | Create | Villager (Male) |
| 12:42 | Build | Lumber Camp |
| 13:11 | Build | Farm |
| 13:15 | Build | Farm |
| 13:31 | Research | Feudal Age |
| 14:36 | Build | Mining Camp |
| 15:41 | Age | Feudal Age |
| 15:50 | Create | Villager (Male) |
| 16:03 | Create | Villager (Male) |
| 16:14 | Build | Farm |
| 16:23 | Build | Blacksmith |
| 17:32 | Build | Farm |
| 18:04 | Create | Villager (Male) |
| 18:04 | Create | Villager (Male) |
| 18:17 | Create | Villager (Male) |
| 18:39 | Build | Market |
| 18:48 | Build | Farm |
| 19:27 | Research | Castle Age |
| 20:08 | Create | Villager (Male) |
| 20:24 | Build | Farm |
| 20:24 | Build | Farm |
| 20:24 | Build | Farm |
| 20:25 | Build | Farm |
| 20:25 | Build | Farm |
| 20:26 | Build | Farm |
| 20:28 | Create | Villager (Male) |
| 20:28 | Create | Villager (Male) |
| 21:44 | Build | Stone Wall |
| 21:47 | Build | Stone Wall |
| 21:50 | Build | Stone Wall |
| 22:07 | Age | Castle Age |
| 22:11 | Create | Villager (Male) |
| 22:33 | Create | Villager (Male) |
| 22:54 | Build | Town Center |
| 23:30 | Build | Stone Wall |
| 23:31 | Build | Gate |
| 23:36 | Build | Stone Wall |
| 24:40 | Create | Villager (Male) |
| 24:40 | Create | Villager (Male) |
| 24:41 | Create | Villager (Male) |
| 24:47 | Research | Double-Bit Axe |
| 24:50 | Research | Horse Collar |
| 25:14 | Build | Outpost |
| 25:17 | Build | Farm |
| 25:19 | Create | Villager (Male) |
| 25:40 | Research | Town Watch |
| 25:46 | Create | Villager (Male) |
| 25:46 | Create | Villager (Male) |
| 25:47 | Create | Villager (Male) |
| 26:10 | Build | Town Center |
| 26:53 | Create | Villager (Male) |
| 26:53 | Create | Villager (Male) |
| 26:54 | Create | Villager (Male) |
| 27:10 | Build | Stone Wall |
| 27:17 | Build | Stone Wall |
| 27:20 | Build | Stone Wall |
| 27:22 | Build | Gate |
| 27:32 | Build | Siege Workshop |
| 28:01 | Build | House |
| 28:48 | Research | Town Patrol |
| 28:58 | Build | University |
| 29:41 | Create | Villager (Male) |
| 29:42 | Create | Villager (Male) |
| 29:47 | Build | Farm |
| 30:01 | Create | Mangonel |
| 30:02 | Create | Mangonel |
| 30:10 | Build | Castle |
| 30:27 | Create | Villager (Male) |
| 30:27 | Create | Villager (Male) |
| 30:27 | Create | Villager (Male) |
| 30:27 | Create | Villager (Male) |
| 31:11 | Build | Gate |
| 31:42 | Build | Watch Tower |
| 31:57 | Create | Mangonel |
| 32:17 | Create | Teutonic Knight |
| 32:17 | Create | Teutonic Knight |
| 32:18 | Create | Teutonic Knight |
| 32:19 | Create | Teutonic Knight |
| 32:25 | Research | Fortified Wall (upgrade) |
| 32:48 | Build | Gate |
| 32:53 | Build | Stone Wall |
| 33:16 | Create | Villager (Male) |
| 33:17 | Create | Villager (Male) |
| 33:36 | Create | Villager (Male) |
| 34:15 | Build | Mining Camp |
| 34:20 | Create | Villager (Male) |
| 34:21 | Create | Villager (Male) |
| 34:47 | Create | Villager (Male) |
| 34:48 | Create | Villager (Male) |
| 34:52 | Create | Teutonic Knight |
Build order — CMONT
First 150 of 243 actions detected
| 0:09 | Build | House |
| 0:11 | Create | Villager (Male) |
| 0:11 | Research | Loom |
| 0:11 | Create | Villager (Male) |
| 0:11 | Create | Villager (Male) |
| 0:12 | Create | Villager (Male) |
| 1:02 | Build | Palisade Wall |
| 1:57 | Create | Villager (Male) |
| 2:16 | Build | Palisade Wall |
| 2:52 | Build | Palisade Wall |
| 2:58 | Create | Villager (Male) |
| 3:43 | Build | House |
| 3:44 | Build | House |
| 3:44 | Build | House |
| 3:48 | Create | Villager (Male) |
| 3:48 | Create | Villager (Male) |
| 3:54 | Create | Villager (Male) |
| 4:31 | Create | Villager (Male) |
| 5:20 | Create | Villager (Male) |
| 5:21 | Create | Villager (Male) |
| 5:51 | Create | Villager (Male) |
| 6:19 | Build | Mill |
| 6:23 | Create | Villager (Male) |
| 6:23 | Create | Villager (Male) |
| 6:35 | Build | Palisade Wall |
| 6:48 | Create | Villager (Male) |
| 7:14 | Build | Palisade Wall |
| 7:17 | Create | Villager (Male) |
| 7:17 | Create | Villager (Male) |
| 7:58 | Create | Villager (Male) |
| 7:58 | Create | Villager (Male) |
| 8:08 | Build | Mill |
| 8:20 | Build | Palisade Wall |
| 8:46 | Create | Villager (Male) |
| 8:46 | Create | Villager (Male) |
| 9:16 | Build | Palisade Wall |
| 10:05 | Create | Villager (Male) |
| 10:05 | Create | Villager (Male) |
| 10:06 | Create | Villager (Male) |
| 10:26 | Build | Palisade Wall |
| 11:11 | Build | House |
| 11:38 | Build | Mining Camp |
| 11:54 | Create | Villager (Male) |
| 12:14 | Build | House |
| 12:17 | Research | Feudal Age |
| 13:32 | Build | Lumber Camp |
| 13:55 | Build | Mining Camp |
| 14:22 | Build | Palisade Wall |
| 14:29 | Age | Feudal Age |
| 14:33 | Create | Villager (Male) |
| 14:33 | Create | Villager (Male) |
| 14:46 | Build | Stone Wall |
| 14:57 | Build | Stone Wall |
| 14:58 | Build | Stone Wall |
| 15:00 | Build | Stone Wall |
| 15:03 | Build | Stone Wall |
| 15:03 | Build | Stone Wall |
| 15:06 | Build | Stone Wall |
| 15:20 | Build | Stone Wall |
| 15:26 | Build | Stone Wall |
| 15:40 | Create | Villager (Male) |
| 15:40 | Create | Villager (Male) |
| 15:41 | Create | Villager (Male) |
| 15:41 | Create | Villager (Male) |
| 15:41 | Create | Villager (Male) |
| 15:58 | Create | Villager (Male) |
| 16:07 | Research | Double-Bit Axe |
| 16:21 | Research | Horse Collar |
| 16:34 | Build | Farm |
| 16:35 | Build | Farm |
| 16:36 | Build | Farm |
| 16:37 | Build | Farm |
| 16:57 | Build | Stone Wall |
| 17:10 | Build | Stone Wall |
| 17:19 | Build | Stone Wall |
| 17:25 | Create | Villager (Male) |
| 17:26 | Create | Villager (Male) |
| 17:36 | Build | Gate |
| 17:47 | Build | Farm |
| 17:47 | Build | Farm |
| 17:50 | Build | Farm |
| 17:51 | Build | Farm |
| 17:52 | Build | Farm |
| 17:55 | Build | Farm |
| 17:58 | Build | Farm |
| 18:10 | Create | Villager (Male) |
| 18:11 | Create | Villager (Male) |
| 18:11 | Create | Villager (Male) |
| 18:23 | Build | Stone Wall |
| 18:25 | Build | Stone Wall |
| 18:51 | Build | Stone Wall |
| 18:58 | Build | Barracks |
| 19:05 | Build | Farm |
| 19:11 | Build | House |
| 19:34 | Research | Wheelbarrow |
| 19:37 | Research | Town Watch |
| 19:45 | Build | Farm |
| 20:06 | Build | Stone Wall |
| 20:07 | Build | Stone Wall |
| 20:18 | Build | Mining Camp |
| 20:47 | Build | Mining Camp |
| 20:50 | Research | Man-at-Arms (upgrade) |
| 21:01 | Build | Farm |
| 21:03 | Create | Villager (Male) |
| 21:03 | Create | Villager (Male) |
| 21:37 | Build | Stone Wall |
| 21:40 | Research | Gold Mining |
| 21:43 | Create | Villager (Male) |
| 21:44 | Create | Villager (Male) |
| 21:49 | Build | House |
| 21:50 | Build | House |
| 21:51 | Build | House |
| 21:52 | Build | House |
| 22:17 | Create | Villager (Male) |
| 22:22 | Build | Farm |
| 22:23 | Build | Farm |
| 22:58 | Build | Mill |
| 23:23 | Build | Watch Tower |
| 23:29 | Build | Farm |
| 23:29 | Build | Farm |
| 23:31 | Create | Villager (Male) |
| 23:32 | Create | Villager (Male) |
| 23:59 | Build | Market |
| 24:05 | Build | House |
| 24:07 | Build | House |
| 24:09 | Create | Villager (Male) |
| 24:10 | Create | Villager (Male) |
| 24:10 | Create | Villager (Male) |
| 24:48 | Build | Farm |
| 24:49 | Build | Farm |
| 24:50 | Build | Farm |
| 24:51 | Build | Farm |
| 24:55 | Create | Villager (Male) |
| 25:08 | Build | House |
| 25:09 | Build | House |
| 25:10 | Build | House |
| 25:39 | Build | Farm |
| 25:40 | Build | Farm |
| 25:43 | Build | Farm |
| 25:50 | Build | Farm |
| 25:52 | Build | Farm |
| 25:56 | Create | Villager (Male) |
| 26:11 | Build | Blacksmith |
| 26:19 | Create | Trade Cart |
| 26:41 | Build | House |
| 26:42 | Build | House |
| 26:43 | Build | House |
| 26:45 | Create | Villager (Male) |
| 26:45 | Create | Villager (Male) |
| 26:45 | Create | Villager (Male) |
Build order — oswuil123
First 150 of 183 actions detected
| 0:08 | Build | House |
| 0:15 | Build | House |
| 0:26 | Create | Villager (Male) ×4 |
| 0:27 | Create | Villager (Male) ×4 |
| 2:34 | Build | Outpost |
| 2:49 | Create | Villager (Male) |
| 2:49 | Create | Villager (Male) |
| 2:50 | Create | Villager (Male) |
| 4:17 | Build | Palisade Wall |
| 4:26 | Create | Villager (Male) |
| 4:26 | Create | Villager (Male) |
| 4:42 | Build | House |
| 4:42 | Build | House |
| 6:46 | Build | House |
| 6:55 | Build | Mill |
| 7:29 | Build | Lumber Camp |
| 7:37 | Create | Villager (Male) |
| 9:10 | Build | Palisade Wall |
| 10:04 | Create | Villager (Male) ×5 |
| 10:04 | Create | Villager (Male) ×5 |
| 10:04 | Create | Villager (Male) ×5 |
| 10:04 | Create | Villager (Male) ×4 |
| 10:39 | Build | Barracks |
| 11:48 | Create | Militia |
| 11:48 | Create | Militia |
| 11:49 | Create | Militia |
| 12:51 | Create | Villager (Male) |
| 12:51 | Create | Villager (Male) |
| 13:11 | Build | Farm |
| 13:11 | Build | Farm |
| 13:12 | Build | Farm |
| 13:12 | Build | Farm |
| 13:12 | Build | Farm |
| 13:12 | Build | Farm |
| 13:22 | Create | Militia |
| 13:22 | Create | Militia |
| 14:00 | Build | Mining Camp |
| 15:54 | Research | Feudal Age |
| 16:08 | Build | House |
| 17:26 | Create | Villager (Male) |
| 17:26 | Create | Villager (Male) |
| 17:28 | Create | Villager (Male) |
| 17:28 | Create | Villager (Male) |
| 18:04 | Age | Feudal Age |
| 18:43 | Research | Man-at-Arms (upgrade) |
| 18:49 | Create | Villager (Male) |
| 18:49 | Create | Villager (Male) |
| 18:59 | Research | Double-Bit Axe |
| 19:37 | Create | Militia |
| 19:38 | Create | Militia |
| 20:13 | Build | Stone Wall |
| 20:21 | Build | Gate |
| 20:49 | Build | Farm |
| 20:50 | Build | Farm |
| 20:50 | Build | Farm |
| 20:50 | Build | Farm |
| 20:54 | Create | Villager (Male) ×5 |
| 21:06 | Build | House |
| 21:06 | Build | House |
| 21:07 | Build | House |
| 21:07 | Build | House |
| 21:07 | Build | House |
| 21:08 | Build | House |
| 21:08 | Build | House |
| 21:36 | Research | Horse Collar |
| 21:51 | Create | Militia |
| 21:51 | Create | Militia |
| 22:36 | Build | Stone Wall |
| 22:59 | Build | House |
| 23:00 | Build | House |
| 23:04 | Build | House |
| 23:04 | Build | House |
| 24:05 | Build | House |
| 24:06 | Build | House |
| 24:06 | Build | House |
| 24:07 | Build | House |
| 24:07 | Build | House |
| 24:08 | Build | House |
| 24:08 | Build | House |
| 24:08 | Build | House |
| 24:09 | Build | House |
| 24:09 | Build | House |
| 24:29 | Create | Villager (Male) |
| 24:29 | Create | Villager (Male) |
| 24:30 | Create | Villager (Male) |
| 24:58 | Build | Stable |
| 25:06 | Build | Stable |
| 25:49 | Create | Villager (Male) |
| 25:49 | Create | Villager (Male) |
| 25:49 | Create | Villager (Male) |
| 26:22 | Build | Stone Wall |
| 26:28 | Build | Stone Wall |
| 26:44 | Build | Farm |
| 26:44 | Build | Farm |
| 26:44 | Build | Farm |
| 26:44 | Build | Farm |
| 26:45 | Build | Farm |
| 26:45 | Build | Farm |
| 26:45 | Build | Farm |
| 26:45 | Build | Farm |
| 26:55 | Create | Villager (Male) ×5 |
| 26:55 | Create | Villager (Male) ×5 |
| 27:03 | Build | Mining Camp |
| 27:06 | Research | Gold Mining |
| 27:19 | Create | Villager (Male) |
| 27:19 | Create | Villager (Male) |
| 27:19 | Create | Villager (Male) |
| 27:35 | Build | Lumber Camp |
| 28:05 | Create | Militia |
| 28:05 | Create | Militia |
| 28:27 | Build | Blacksmith |
| 28:53 | Build | Farm |
| 29:08 | Build | Market |
| 29:36 | Research | Bloodlines |
| 30:25 | Research | Castle Age |
| 30:29 | Create | Militia |
| 30:29 | Create | Militia |
| 30:50 | Build | Archery Range |
| 30:51 | Build | Archery Range |
| 30:54 | Build | Archery Range |
| 31:01 | Research | Wheelbarrow |
| 31:17 | Research | Scale Mail Armor |
| 31:34 | Research | Stone Mining |
| 32:14 | Build | House |
| 32:31 | Build | House |
| 32:32 | Build | House |
| 32:33 | Build | House |
| 32:33 | Build | House |
| 32:34 | Build | House |
| 32:34 | Build | House |
| 33:08 | Research | Forging |
| 33:25 | Create | Villager (Male) |
| 33:25 | Create | Villager (Male) |
| 33:29 | Create | Villager (Male) |
| 33:30 | Create | Villager (Male) |
| 33:54 | Age | Castle Age |
| 33:58 | Build | Siege Workshop |
| 34:26 | Build | Town Center |
| 34:42 | Build | Castle |
| 35:10 | Build | Barracks |
| 35:10 | Build | Barracks |
| 35:11 | Build | Barracks |
| 35:11 | Build | Barracks |
| 35:19 | Research | Elite Skirmisher (upgrade) |
| 36:07 | Research | Loom |
| 36:12 | Create | Skirmisher |
| 36:13 | Create | Skirmisher |
| 36:13 | Create | Skirmisher |
| 36:13 | Create | Skirmisher |
| 36:13 | Create | Skirmisher |
Build order — homeyork
First 150 of 193 actions detected
| 0:02 | Create | Villager (Male) |
| 0:02 | Create | Villager (Male) |
| 0:03 | Create | Villager (Male) |
| 0:04 | Build | House |
| 0:06 | Build | House |
| 0:38 | Create | Villager (Male) |
| 1:22 | Create | Villager (Male) |
| 1:43 | Create | Villager (Male) |
| 2:17 | Build | Palisade Wall |
| 2:22 | Build | Palisade Wall |
| 2:27 | Create | Villager (Male) |
| 3:03 | Create | Villager (Male) |
| 3:03 | Create | Villager (Male) |
| 3:35 | Build | House |
| 3:37 | Build | Lumber Camp |
| 3:41 | Create | Villager (Male) |
| 4:15 | Create | Villager (Male) |
| 5:30 | Create | Villager (Male) |
| 5:31 | Create | Villager (Male) |
| 5:37 | Build | House |
| 5:55 | Build | Palisade Wall |
| 6:03 | Build | Palisade Wall |
| 6:43 | Create | Villager (Male) |
| 7:46 | Create | Villager (Male) |
| 8:11 | Build | House |
| 8:22 | Build | Mill |
| 8:36 | Create | Villager (Male) |
| 9:02 | Create | Villager (Male) |
| 9:22 | Research | Feudal Age |
| 10:09 | Build | Mining Camp |
| 10:12 | Create | Villager (Male) |
| 11:34 | Build | Lumber Camp |
| 11:37 | Age | Feudal Age |
| 11:43 | Create | Villager (Male) |
| 11:49 | Build | Market |
| 11:56 | Build | Blacksmith |
| 12:05 | Research | Gold Mining |
| 12:17 | Research | Double-Bit Axe |
| 12:32 | Create | Villager (Male) |
| 12:46 | Research | Horse Collar |
| 12:55 | Build | Farm |
| 12:55 | Build | Farm |
| 13:09 | Build | Farm |
| 13:09 | Build | Farm |
| 13:09 | Build | Farm |
| 13:12 | Create | Villager (Male) |
| 13:34 | Build | Farm |
| 13:34 | Build | Farm |
| 13:35 | Build | Farm |
| 13:39 | Create | Villager (Male) |
| 13:53 | Build | House |
| 14:00 | Create | Villager (Male) |
| 14:01 | Build | Farm |
| 14:15 | Build | Farm |
| 14:17 | Create | Villager (Male) |
| 14:26 | Build | Farm |
| 14:44 | Build | Farm |
| 14:55 | Build | Farm |
| 15:07 | Build | Farm |
| 15:14 | Create | Villager (Male) |
| 15:35 | Create | Villager (Male) |
| 15:39 | Build | Farm |
| 15:47 | Build | Farm |
| 15:53 | Create | Villager (Male) |
| 16:17 | Build | Farm |
| 16:26 | Create | Villager (Male) |
| 16:31 | Build | House |
| 16:43 | Research | Forging |
| 16:46 | Build | Barracks |
| 16:55 | Create | Villager (Male) |
| 17:00 | Build | Farm |
| 17:27 | Create | Villager (Male) |
| 18:02 | Build | Farm |
| 18:20 | Research | Castle Age |
| 19:01 | Build | Mining Camp |
| 19:08 | Create | Villager (Male) |
| 19:19 | Create | Villager (Male) |
| 19:27 | Build | Mining Camp |
| 19:36 | Research | Stone Mining |
| 19:53 | Build | Stable |
| 21:00 | Age | Castle Age |
| 21:04 | Build | Monastery |
| 21:15 | Research | Husbandry |
| 21:21 | Research | Bloodlines |
| 21:32 | Build | Monastery |
| 21:53 | Create | Monk |
| 22:10 | Research | Stone Shaft Mining |
| 22:26 | Build | Mining Camp |
| 22:29 | Research | Bow Saw |
| 22:32 | Create | Villager (Male) |
| 22:56 | Create | Monk |
| 23:35 | Research | Heavy Plow |
| 23:37 | Create | Villager (Male) |
| 23:37 | Create | Villager (Male) |
| 23:51 | Build | House |
| 23:52 | Build | House |
| 23:57 | Create | Villager (Male) |
| 24:19 | Create | Knight |
| 24:41 | Create | Villager (Male) |
| 24:42 | Create | Villager (Male) |
| 24:54 | Build | Town Center |
| 24:59 | Create | Villager (Male) |
| 25:31 | Create | Knight |
| 25:38 | Research | Loom |
| 25:43 | Research | Iron Casting |
| 25:43 | Research | Iron Casting |
| 26:12 | Research | Scale Barding Armor |
| 27:01 | Create | Villager (Male) |
| 27:02 | Create | Villager (Male) |
| 27:02 | Create | Villager (Male) |
| 27:10 | Build | Farm |
| 27:10 | Build | Farm |
| 27:17 | Build | Castle |
| 27:20 | Build | Lumber Camp |
| 27:25 | Research | Wheelbarrow |
| 27:33 | Build | University |
| 27:50 | Create | Knight |
| 27:54 | Research | Chain Barding Armor |
| 28:37 | Research | Town Watch |
| 28:38 | Create | Villager (Male) |
| 28:49 | Build | Farm |
| 28:54 | Research | Ballistics |
| 28:58 | Research | Murder Holes |
| 29:20 | Create | Leitis |
| 29:36 | Build | Lumber Camp |
| 29:54 | Research | Caravan |
| 29:55 | Create | Trade Cart |
| 30:00 | Create | Leitis |
| 30:05 | Create | Villager (Male) |
| 30:08 | Build | Farm |
| 30:08 | Build | Farm |
| 30:08 | Build | Farm |
| 30:24 | Build | Farm |
| 30:42 | Create | Villager (Male) |
| 30:46 | Create | Villager (Male) |
| 30:51 | Create | Villager (Male) |
| 31:26 | Build | Farm |
| 32:20 | Create | Villager (Male) |
| 32:24 | Create | Villager (Male) |
| 32:28 | Build | Farm |
| 32:50 | Research | Imperial Age |
| 32:51 | Research | Imperial Age |
| 33:47 | Build | Farm |
| 33:47 | Build | Farm |
| 34:01 | Create | Knight |
| 34:01 | Create | Knight |
| 34:10 | Build | Stable |
| 34:12 | Build | Stable |
| 34:13 | Build | Stable |
| 34:18 | Research | Hand Cart |
Build order — Công An Xã
First 150 of 360 actions detected
| 0:05 | Create | Villager (Male) |
| 0:07 | Build | House |
| 0:08 | Build | House |
| 0:17 | Research | Loom |
| 0:17 | Research | Loom |
| 0:18 | Create | Villager (Male) |
| 0:18 | Create | Villager (Male) |
| 0:19 | Create | Villager (Male) |
| 0:19 | Create | Villager (Male) |
| 1:50 | Create | Villager (Male) |
| 1:50 | Create | Villager (Male) |
| 2:15 | Create | Villager (Male) |
| 2:16 | Create | Villager (Male) |
| 2:58 | Create | Villager (Male) |
| 2:58 | Create | Villager (Male) |
| 3:19 | Create | Villager (Male) |
| 3:20 | Create | Villager (Male) |
| 4:02 | Create | Villager (Male) |
| 4:02 | Create | Villager (Male) |
| 4:06 | Build | House |
| 4:08 | Build | House |
| 4:10 | Create | Villager (Male) |
| 4:10 | Create | Villager (Male) |
| 4:33 | Create | Villager (Male) |
| 4:33 | Create | Villager (Male) |
| 5:21 | Build | Lumber Camp |
| 5:31 | Create | Villager (Male) |
| 5:58 | Create | Villager (Male) |
| 6:35 | Create | Villager (Male) |
| 6:59 | Create | Villager (Male) |
| 7:00 | Create | Villager (Male) |
| 7:55 | Create | Villager (Male) |
| 7:55 | Create | Villager (Male) |
| 8:33 | Create | Villager (Male) |
| 8:42 | Build | House |
| 8:43 | Build | House |
| 8:45 | Create | Villager (Male) |
| 8:45 | Create | Villager (Male) |
| 9:10 | Build | Mill |
| 9:22 | Build | Mining Camp |
| 9:45 | Create | Villager (Male) |
| 10:14 | Research | Feudal Age |
| 11:49 | Create | Villager (Male) |
| 11:49 | Create | Villager (Male) |
| 12:28 | Age | Feudal Age |
| 13:13 | Research | Horse Collar |
| 13:28 | Build | Market |
| 13:34 | Build | Blacksmith |
| 13:37 | Create | Villager (Male) |
| 13:37 | Create | Villager (Male) |
| 13:49 | Create | Villager (Male) |
| 14:10 | Build | Mining Camp |
| 14:13 | Create | Villager (Male) |
| 14:43 | Research | Castle Age |
| 14:54 | Research | Double-Bit Axe |
| 14:56 | Build | Farm |
| 15:34 | Build | Farm |
| 15:37 | Build | Farm |
| 15:40 | Build | Farm |
| 15:43 | Build | Farm |
| 15:56 | Build | House |
| 15:57 | Build | House |
| 15:58 | Build | House |
| 16:02 | Build | House |
| 16:46 | Create | Villager (Male) |
| 16:47 | Create | Villager (Male) |
| 17:32 | Age | Castle Age |
| 17:38 | Build | Town Center |
| 17:43 | Create | Villager (Male) |
| 17:43 | Create | Villager (Male) |
| 17:50 | Build | Town Center |
| 18:23 | Build | Town Center |
| 18:36 | Create | Villager (Male) |
| 18:36 | Create | Villager (Male) |
| 18:53 | Create | Villager (Male) |
| 18:53 | Create | Villager (Male) |
| 18:53 | Create | Villager (Male) |
| 19:19 | Build | Farm |
| 19:19 | Build | Farm |
| 19:20 | Build | Farm |
| 19:20 | Build | Farm |
| 19:21 | Build | Farm |
| 19:22 | Build | Farm |
| 19:23 | Build | Farm |
| 19:24 | Build | Farm |
| 19:31 | Build | Farm |
| 19:39 | Create | Villager (Male) |
| 19:39 | Create | Villager (Male) |
| 19:39 | Create | Villager (Male) |
| 19:40 | Create | Villager (Male) |
| 19:44 | Create | Villager (Male) |
| 19:45 | Create | Villager (Male) |
| 19:45 | Create | Villager (Male) |
| 19:45 | Create | Villager (Male) |
| 19:51 | Create | Villager (Male) |
| 19:51 | Create | Villager (Male) |
| 19:55 | Build | Farm |
| 20:03 | Create | Villager (Male) |
| 20:03 | Create | Villager (Male) |
| 20:15 | Create | Villager (Male) |
| 20:23 | Build | Farm |
| 20:36 | Create | Villager (Male) |
| 20:39 | Create | Villager (Male) |
| 20:39 | Create | Villager (Male) |
| 20:53 | Create | Villager (Male) |
| 20:57 | Build | Farm |
| 21:04 | Build | Farm |
| 21:08 | Create | Villager (Male) |
| 21:08 | Create | Villager (Male) |
| 21:11 | Create | Villager (Male) |
| 21:12 | Create | Villager (Male) |
| 21:20 | Build | Farm |
| 21:43 | Create | Villager (Male) |
| 21:44 | Create | Villager (Male) |
| 21:45 | Create | Villager (Male) |
| 21:54 | Build | Farm |
| 21:58 | Create | Villager (Male) |
| 22:04 | Create | Villager (Male) |
| 22:15 | Build | Farm |
| 22:18 | Build | Farm |
| 22:25 | Build | Farm |
| 22:27 | Build | Farm |
| 22:30 | Create | Villager (Male) |
| 22:31 | Create | Villager (Male) |
| 22:34 | Create | Villager (Male) |
| 22:34 | Create | Villager (Male) |
| 22:44 | Create | Villager (Male) |
| 22:44 | Create | Villager (Male) |
| 22:49 | Create | Villager (Male) |
| 22:50 | Create | Villager (Male) |
| 22:57 | Build | Lumber Camp |
| 23:01 | Create | Villager (Male) |
| 23:04 | Build | Farm |
| 23:07 | Create | Villager (Male) |
| 23:11 | Build | Farm |
| 23:17 | Create | Villager (Male) |
| 23:17 | Create | Villager (Male) |
| 23:23 | Create | Villager (Male) |
| 23:23 | Create | Villager (Male) |
| 23:30 | Build | House |
| 23:32 | Build | House |
| 23:32 | Build | House |
| 23:39 | Build | Farm |
| 23:42 | Research | Bow Saw |
| 23:47 | Create | Villager (Male) |
| 24:01 | Build | Castle |
| 24:06 | Create | Villager (Male) |
| 24:06 | Create | Villager (Male) |
| 24:08 | Create | Villager (Male) |
| 24:16 | Create | Villager (Male) |
Build order — FreeBichito
85 actions detected in the replay
| 0:28 | Build | Palisade Wall |
| 0:39 | Research | Loom |
| 0:39 | Create | Villager (Male) |
| 0:40 | Create | Villager (Male) |
| 0:40 | Create | Villager (Male) |
| 0:40 | Create | Villager (Male) |
| 0:40 | Create | Villager (Male) |
| 0:41 | Create | Villager (Male) |
| 1:30 | Build | House |
| 1:33 | Build | House |
| 1:40 | Build | House |
| 2:56 | Build | Palisade Wall |
| 3:08 | Build | Palisade Wall |
| 4:59 | Create | Villager (Male) |
| 4:59 | Create | Villager (Male) |
| 5:00 | Create | Villager (Male) |
| 5:00 | Create | Villager (Male) |
| 5:45 | Create | Villager (Male) |
| 7:22 | Create | Villager (Male) |
| 7:22 | Create | Villager (Male) |
| 7:22 | Create | Villager (Male) |
| 7:23 | Create | Villager (Male) |
| 7:23 | Create | Villager (Male) |
| 8:25 | Build | Palisade Wall |
| 9:00 | Create | Villager (Male) |
| 9:00 | Create | Villager (Male) |
| 9:03 | Create | Villager (Male) |
| 9:35 | Build | Barracks |
| 13:17 | Build | Mule Cart |
| 13:31 | Build | Dock |
| 14:00 | Research | Feudal Age |
| 14:00 | Research | Feudal Age |
| 14:04 | Create | Villager (Male) |
| 14:05 | Create | Villager (Male) |
| 14:06 | Create | Villager (Male) |
| 15:25 | Build | Palisade Wall |
| 16:10 | Age | Feudal Age |
| 16:45 | Build | House |
| 16:47 | Build | House |
| 16:50 | Build | House |
| 16:53 | Build | House |
| 16:56 | Build | House |
| 17:29 | Build | House |
| 17:31 | Build | House |
| 17:38 | Build | House |
| 17:42 | Build | House |
| 18:36 | Build | House |
| 19:02 | Build | Blacksmith |
| 20:35 | Build | Stable |
| 20:51 | Create | Demolition Raft |
| 20:56 | Create | Fishing Ship |
| 20:56 | Create | Fishing Ship |
| 20:56 | Create | Fishing Ship |
| 21:17 | Create | Villager (Male) |
| 23:09 | Research | Castle Age |
| 23:43 | Create | Fishing Ship |
| 23:46 | Build | Fish Trap |
| 24:05 | Build | Mill |
| 25:49 | Age | Castle Age |
| 25:58 | Build | Castle |
| 26:35 | Build | Fish Trap |
| 26:54 | Create | Villager (Male) |
| 26:54 | Create | Villager (Male) |
| 26:54 | Create | Villager (Male) |
| 26:54 | Create | Villager (Male) |
| 26:54 | Create | Villager (Male) |
| 28:42 | Build | Castle |
| 29:45 | Create | Villager (Male) |
| 29:45 | Create | Villager (Male) |
| 29:45 | Create | Villager (Male) |
| 29:46 | Create | Villager (Male) |
| 31:00 | Create | Demolition Raft |
| 31:04 | Create | Fishing Ship |
| 31:05 | Create | Fishing Ship |
| 31:25 | Create | Monaspa |
| 31:52 | Build | Fish Trap |
| 33:08 | Build | Fish Trap |
| 34:40 | Create | Monaspa |
| 34:40 | Create | Monaspa |
| 34:41 | Create | Monaspa |
| 34:41 | Create | Monaspa |
| 34:41 | Create | Monaspa |
| 34:41 | Create | Monaspa |
| 34:42 | Create | Monaspa |
| 34:42 | Create | Monaspa |
Match timeline
| 0:28 | FreeBichito · wall_segment Palisade Wall x11 |
| 0:51 | Baxmetal · wall_segment Palisade Wall x2 |
| 1:01 | Baxmetal · wall_segment Palisade Wall x4 |
| 1:02 | CMONT · wall_segment Palisade Wall x8 |
| 2:16 | CMONT · wall_segment Palisade Wall x11 |
| 2:17 | homeyork · wall_segment Palisade Wall x8 |
| 2:22 | homeyork · wall_segment Palisade Wall x1 |
| 2:50 | Predjama · wall_segment Palisade Wall x1 |
| 2:52 | Predjama · wall_segment Palisade Wall x1 |
| 2:52 | CMONT · wall_segment Palisade Wall x7 |
| 2:55 | wowmiqui · wall_segment Palisade Wall x13 |
| 2:56 | Predjama · wall_segment Palisade Wall x1 |
| 2:56 | FreeBichito · wall_segment Palisade Wall x10 |
| 3:08 | FreeBichito · wall_segment Palisade Wall x9 |
| 4:17 | oswuil123 · wall_segment Palisade Wall x14 |
| 5:55 | homeyork · wall_segment Palisade Wall x1 |
| 6:03 | homeyork · wall_segment Palisade Wall x8 |
| 6:35 | CMONT · wall_segment Palisade Wall x5 |
| 7:14 | CMONT · wall_segment Palisade Wall x4 |
| 8:20 | CMONT · wall_segment Palisade Wall x12 |
| 8:25 | FreeBichito · wall_segment Palisade Wall x15 |
| 9:10 | oswuil123 · wall_segment Palisade Wall x12 |
| 9:16 | CMONT · wall_segment Palisade Wall x14 |
| 9:35 | FreeBichito · first_building Barracks |
| 9:36 | Baxmetal · wall_segment Palisade Wall x5 |
| 9:39 | Baxmetal · wall_segment Palisade Wall x5 |
| 10:26 | CMONT · wall_segment Palisade Wall x1 |
| 10:39 | oswuil123 · first_building Barracks |
| 11:01 | Predjama · first_building Dock |
| 11:13 | wowmiqui · first_building Barracks |
| 11:29 | Baxmetal · first_building Barracks |
| 11:37 | homeyork · age_up feudal |
| 12:06 | Baxmetal · wall_segment Palisade Wall x1 |
| 12:28 | Công An Xã · age_up feudal |
| 13:31 | FreeBichito · first_building Dock |
| 14:22 | CMONT · wall_segment Palisade Wall x3 |
| 14:29 | CMONT · age_up feudal |
| 14:46 | CMONT · wall_segment Stone Wall x31 |
| 14:57 | CMONT · wall_segment Stone Wall x4 |
| 14:58 | CMONT · wall_segment Stone Wall x3 |
| 15:00 | CMONT · wall_segment Stone Wall x1 |
| 15:01 | Predjama · age_up feudal |
| 15:03 | CMONT · wall_segment Stone Wall x2 |
| 15:03 | CMONT · wall_segment Stone Wall x1 |
| 15:06 | CMONT · wall_segment Stone Wall x1 |
| 15:13 | Predjama · wall_segment Stone Wall x2 |
| 15:18 | Predjama · wall_segment Stone Wall x1 |
| 15:20 | CMONT · wall_segment Stone Wall x2 |
| 15:25 | FreeBichito · wall_segment Palisade Wall x16 |
| 15:26 | CMONT · wall_segment Stone Wall x8 |
| 15:41 | Baxmetal · age_up feudal |
| 16:10 | FreeBichito · age_up feudal |
| 16:46 | homeyork · first_building Barracks |
| 16:57 | CMONT · wall_segment Stone Wall x10 |
| 17:10 | CMONT · wall_segment Stone Wall x28 |
| 17:19 | CMONT · wall_segment Stone Wall x10 |
| 17:32 | Công An Xã · age_up castle |
| 17:41 | homeyork · first_market_sell 100 wood |
| 17:43 | homeyork · first_market_buy 100 food |
| 17:57 | Predjama · wall_segment Stone Wall x14 |
| 18:04 | oswuil123 · age_up feudal |
| 18:10 | wowmiqui · age_up feudal |
| 18:23 | CMONT · wall_segment Stone Wall x2 |
| 18:25 | CMONT · wall_segment Stone Wall x13 |
| 18:51 | CMONT · wall_segment Stone Wall x1 |
| 18:58 | CMONT · first_building Barracks |
| 19:53 | homeyork · first_building Stable |
| 20:06 | CMONT · wall_segment Stone Wall x7 |
| 20:07 | CMONT · wall_segment Stone Wall x9 |
| 20:13 | Predjama · age_up castle |
| 20:13 | oswuil123 · wall_segment Stone Wall x10 |
| 20:35 | FreeBichito · first_building Stable |
| 20:35 | Predjama · first_building Castle |
| 21:00 | homeyork · age_up castle |
| 21:04 | homeyork · first_building Monastery |
| 21:37 | CMONT · wall_segment Stone Wall x14 |
| 21:42 | wowmiqui · first_building Stable |
| 21:44 | Baxmetal · wall_segment Stone Wall x3 |
| 21:47 | Baxmetal · wall_segment Stone Wall x3 |
| 21:50 | Baxmetal · wall_segment Stone Wall x4 |
| 22:07 | Baxmetal · age_up castle |
| 22:36 | oswuil123 · wall_segment Stone Wall x1 |
| 23:11 | wowmiqui · wall_segment Stone Wall x11 |
| 23:30 | Baxmetal · wall_segment Stone Wall x4 |
| 23:36 | Baxmetal · wall_segment Stone Wall x5 |
| 23:50 | Predjama · first_building Barracks |
| 24:01 | Công An Xã · first_building Castle |
| 24:31 | Predjama · first_building Archery Range |
| 24:58 | oswuil123 · first_building Stable |
| 25:07 | Baxmetal · first_market_buy 100 stone |
| 25:49 | FreeBichito · age_up castle |
| 25:58 | FreeBichito · first_building Castle |
| 26:06 | CMONT · first_market_buy 100 wood |
| 26:22 | oswuil123 · wall_segment Stone Wall x7 |
| 26:24 | Công An Xã · first_building Barracks |
| 26:28 | oswuil123 · wall_segment Stone Wall x6 |
| 26:50 | Công An Xã · first_building Siege Workshop |
| 26:57 | Predjama · first_market_sell 100 wood |
| 26:59 | Predjama · first_market_buy 100 stone |
| 27:10 | Baxmetal · wall_segment Stone Wall x4 |
| 27:17 | Baxmetal · wall_segment Stone Wall x3 |
| 27:17 | homeyork · first_building Castle |
| 27:20 | Baxmetal · wall_segment Stone Wall x7 |
| 27:32 | Baxmetal · first_building Siege Workshop |
| 27:41 | CMONT · wall_segment Stone Wall x16 |
| 27:44 | Predjama · first_building Siege Workshop |
| 27:51 | Công An Xã · first_building Archery Range |
| 28:32 | CMONT · wall_segment Stone Wall x10 |
| 29:30 | Công An Xã · first_building Stable |
| 29:50 | CMONT · age_up castle |
| 30:04 | wowmiqui · first_building Archery Range |
| 30:10 | Baxmetal · first_building Castle |
| 30:19 | oswuil123 · first_market_buy 100 food |
| 30:28 | CMONT · first_building Castle |
| 30:41 | CMONT · first_market_sell 100 food |
| 30:50 | oswuil123 · first_building Archery Range |
| 31:51 | CMONT · first_building Siege Workshop |
| 32:08 | CMONT · wall_segment Stone Wall x13 |
| 32:52 | wowmiqui · age_up castle |
| 32:52 | Công An Xã · age_up imperial |
| 32:53 | Baxmetal · wall_segment Stone Wall x2 |
| 32:55 | wowmiqui · wall_segment Stone Wall x9 |
| 33:54 | oswuil123 · age_up castle |
| 33:58 | oswuil123 · first_building Siege Workshop |
| 34:17 | CMONT · wall_segment Stone Wall x14 |
| 34:42 | oswuil123 · first_building Castle |
| 34:48 | wowmiqui · first_market_sell 100 wood |
| 34:59 | wowmiqui · first_building Monastery |
| 35:11 | Baxmetal · resign |
| 36:00 | homeyork · age_up imperial |
| 38:15 | CMONT · wall_segment Stone Wall x1 |
| 38:20 | CMONT · wall_segment Stone Wall x1 |
| 39:06 | Predjama · age_up imperial |
| 39:24 | CMONT · wall_segment Stone Wall x16 |
| 39:30 | CMONT · wall_segment Stone Wall x1 |
| 40:22 | CMONT · age_up imperial |
| 40:23 | CMONT · first_building Monastery |
[ AI ANALYSIS · 1 CREDIT ]
What really happened in this match?
Wolo.gg analyzes every decision: build order, eco, micro, common mistakes by bracket. Personalized analysis on WhatsApp or Discord in 30 seconds.
Civ guide
Bulgarians
Perfil
Jugador #21124295